AoeStats
← Morris=w=

Black Forest

508703072Analyzed
4v4 RM · 9d ago on Sep 23, 2026· 74m 47s· 8 players
Game mode
Random Map
Map size
Large (8 player)
Population
200
Speed
Normal
Resources
Standard
Victory
Conquest
Starting age
Dark Age
Ending age
Imperial Age
RankedLock teamsTeams togetherTeam positionsShared explorationLock speedFull tech treeHidden civsTurbo modeCheats
Victory
Defeat
🇫🇷 Persians · France
1628
+14
1627
+14
🇭🇰 Mongols · Hong Kong SAR China
1572
+17
🇺🇸 Saxons · United States
1469
+21
🇹🇼 Koreans · Taiwan
1615
-18
1592
-17
🇹🇼 Byzantines · Taiwan
1577
-16
🇹🇼 Varangians · Taiwan
1558
-15
BøM_R3gaN
5:56 Loom
12:29 Feudal Age
13:54 Double-Bit Axe
16:32 Castle Age
15:59 Horse Collar
18:00 Heavy Plow
18:12 Bow Saw
19:54 Wheelbarrow
24:36 Hand Cart
24:06 Town Watch
25:05 Gold Mining
25:05 Stone Mining
27:06 Stone Shaft Mining
31:21 Imperial Age
30:22 Scale Barding Armor
30:27 Forging
31:44 Chain Barding Armor
31:38 Bloodlines
31:28 Husbandry
31:22 Elite Jarl
32:24 Conscription
32:42 Iron Casting
33:53 Plate Barding Armor
35:07 Blast Furnace
34:31 Light Cavalry
36:56 Hussar
38:25 Fletching
38:36 Padded Archer Armor
40:56 Bodkin Arrow
41:17 Leather Archer Armor
41:02 Scale Mail Armor
44:40 Caravan
45:00 Siege Engineers
54:33 Bracer
54:55 Ballistics
61:04 Masonry
63:30 Architecture
65:25 Elite Skirmisher
68:04 Chemistry
73:35 Ring Archer Armor
BøM_antihack.exe
0:43 Loom
22:30 Feudal Age
23:22 Double-Bit Axe
29:54 Castle Age
30:07 Wheelbarrow
31:35 Gold Mining
31:56 Bow Saw
34:37 Imperial Age
33:28 Gold Shaft Mining
35:17 Sanctity
35:47 Block Printing
35:57 Illumination
36:48 Theocracy
36:09 Horse Collar
38:22 Fervor
38:35 Stone Mining
39:02 Scale Barding Armor
39:07 Forging
41:09 Stone Shaft Mining
41:46 Chain Barding Armor
46:57 Iron Casting
50:20 Plate Barding Armor
50:25 Husbandry
50:51 Hand Cart
50:58 Redemption
52:42 Conscription
55:51 Logistica
55:05 Elite Cataphract
58:51 Pikeman
59:43 Halberdier
62:28 Scale Mail Armor
64:16 Squires
72:17 Two-Man Saw
再吵去東湖框你媽出場
0:43 Loom
12:04 Feudal Age
14:38 Double-Bit Axe
17:03 Castle Age
15:20 Horse Collar
18:22 Bow Saw
24:30 Wheelbarrow
26:44 Hand Cart
27:50 Town Watch
28:05 Gold Mining
28:10 Stone Mining
32:20 Imperial Age
30:37 Fortified Wall
31:28 Fletching
31:38 Padded Archer Armor
31:55 Masonry
33:22 Ballistics
34:03 Chemistry
33:58 Bloodlines
33:49 Husbandry
34:22 Bodkin Arrow
34:43 Leather Archer Armor
35:06 Parthian Tactics
35:28 Bracer
36:05 Thumb Ring
36:07 Husbandry
38:54 Elite Mangudai
40:48 Gold Shaft Mining
42:19 Hoardings
41:22 Elite Skirmisher
45:52 Nomads
46:12 Conscription
47:58 Caravan
48:50 Siege Engineers
50:57 Stone Shaft Mining
51:02 Onager
51:47 Murder Holes
52:05 Herbal Medicine
51:32 Crossbowman
61:01 Drill
71:04 Coinage
BøM_Sheuu
5:37 Loom
10:52 Feudal Age
12:08 Double-Bit Axe
14:35 Castle Age
13:14 Horse Collar
15:55 Bow Saw
22:27 Wheelbarrow
23:40 Hand Cart
23:10 Town Watch
25:05 Heavy Plow
25:20 Fletching
26:31 Gold Mining
28:22 Gold Shaft Mining
27:40 Stone Mining
31:05 Imperial Age
30:31 Gold Shaft Mining
30:15 Treadmill Crane
31:16 Ballistics
31:44 Stone Shaft Mining
32:57 Chemistry
32:16 Bodkin Arrow
34:09 Bracer
34:17 Siege Engineers
34:36 Eupseong
36:49 Conscription
37:10 Coinage
38:06 Masonry
37:43 Arrowslits
38:11 Masonry
38:10 Heavy Rocket Cart
40:14 Fortified Wall
41:53 Shinkichon
42:53 Scale Mail Armor
43:03 Forging
42:24 Elite War Wagon
42:48 Elite Fire Lancer
43:28 Squires
43:43 Guilds
45:07 Chain Mail Armor
45:28 Iron Casting
44:55 Arson
45:34 Pikeman
49:38 Plate Mail Armor
48:29 Halberdier
49:24 Caravan
53:55 Banking
55:21 Two-Man Saw
KaLong
0:43 Loom
17:14 Feudal Age
21:02 Castle Age
19:43 Scale Mail Armor
19:46 Double-Bit Axe
22:28 Bow Saw
23:26 Chain Mail Armor
25:22 Forging
31:17 Horse Collar
33:09 Wheelbarrow
32:28 Fletching
33:05 Heavy Plow
35:11 Stone Mining
35:11 Gold Mining
36:45 Arson
37:20 Hand Cart
37:52 Iron Casting
38:38 Squires
41:34 Imperial Age
38:50 Pikeman
40:22 Light Cavalry
41:03 Husbandry
41:18 Bloodlines
41:23 Bodkin Arrow
41:48 Elite Hearth Troop
41:59 Shield Wall
42:24 Elite Varangian Guard
44:14 Plate Mail Armor
44:07 Caravan
44:53 Onager
45:14 Halberdier
46:19 Conscription
46:20 Bracer
50:55 Capped Ram
52:32 Siege Ram
53:27 Bracer
63:19 Coinage
63:21 Guilds
67:44 Scale Barding Armor
68:12 Banking
Morris=w=
11:28 Feudal Age
15:04 Castle Age
13:01 Double-Bit Axe
12:59 Horse Collar
16:25 Bow Saw
20:45 Heavy Plow
22:01 Stone Mining
22:25 Loom
22:39 Gold Mining
24:03 Wheelbarrow
23:16 Town Watch
28:01 Imperial Age
26:23 Hand Cart
26:00 Fletching
26:25 Padded Archer Armor
26:40 Bodkin Arrow
27:08 Ballistics
28:28 Thumb Ring
28:52 Bracer
28:19 Elite Mangudai
29:50 Conscription
30:31 Parthian Tactics
30:19 Bloodlines
30:10 Husbandry
31:14 Leather Archer Armor
32:07 Chemistry
33:14 Gold Shaft Mining
34:07 Coinage
35:35 Banking
39:10 Drill
39:16 Capped Ram
42:53 Siege Ram
45:54 Caravan
47:05 Hoardings
48:21 Siege Ram
59:14 Siege Engineers
59:21 Masonry
59:07 Murder Holes
63:07 Scale Barding Armor
63:12 Forging
64:10 Light Cavalry
65:14 Chain Barding Armor
65:30 Iron Casting
71:38 Stone Shaft Mining
72:23 Blast Furnace
73:30 Hussar
Cipiettro_Vicci
1:03 Loom
14:41 Feudal Age
22:33 Castle Age
20:36 Double-Bit Axe
26:08 Bow Saw
26:37 Horse Collar
29:39 Wheelbarrow
30:10 Heavy Plow
31:10 Hand Cart
35:04 Imperial Age
33:32 Squires
35:27 Bloodlines
35:18 Husbandry
35:40 Ballistics
36:23 Chemistry
36:21 Padded Archer Armor
35:54 Light Cavalry
36:53 Guilds
36:59 Scale Barding Armor
37:49 Leather Archer Armor
38:11 Conscription
38:24 Chain Barding Armor
37:59 Cavalier
38:52 Forging
41:26 Plate Barding Armor
42:39 Iron Casting
43:43 Crop Rotation
43:22 Caravan
44:55 Blast Furnace
45:20 Masonry
47:16 Savar
50:08 Hoardings
50:43 Fletching
52:34 Gold Mining
54:45 Two-Man Saw
58:11 Devotion
59:34 Bodkin Arrow
62:52 Coinage
67:32 Town Watch
trói em vào cột điện
11:23 Feudal Age
14:54 Castle Age
13:15 Double-Bit Axe
14:33 Horse Collar
15:52 Bow Saw
24:25 Wheelbarrow
27:02 Hand Cart
31:06 Imperial Age
29:03 Scale Mail Armor
29:15 Stone Mining
30:05 Caravan
30:41 Chain Mail Armor
31:56 Forging
33:06 Conscription
33:30 Plate Mail Armor
33:02 Elite Jomsviking
34:17 Capped Ram
35:12 Masonry
35:55 Iron Casting
35:11 Fletching
35:30 Siege Ram
35:56 Loom
40:09 Siege Engineers
41:04 Chemistry
42:03 Hoardings
43:46 Hamask
43:56 Hamask
46:50 Onager
48:42 Blast Furnace
47:38 Bodkin Arrow
48:34 Siege Onager
49:52 Northmen's Fury
55:18 Bracer
55:24 Scale Barding Armor
56:29 Ballistics
63:55 Gambesons
64:11 Squires
63:56 Arson
63:32 Elite Varangian Guard
68:50 Chain Barding Armor
68:30 Padded Archer Armor
71:32 Plate Barding Armor
71:02 Town Watch
71:33 Leather Archer Armor
71:13 Guard Tower
71:26 Heavy Plow
71:18 Gold Mining
72:04 Stone Shaft Mining
Connection lost

Rejoining the realm…

Still unreachable

The connection could not be restored.

Session expired

The server has moved on; the page needs a fresh start.